 Dungeon Crawl Stone Soup version 0.27-a0-1220-g54dba09ff7 (webtiles) character file.

Game seed: 16101999342095521545

705 Delamore the Poker (level 7, 0/56 HPs)
             Began as a Formicid Fighter on June 7, 2021.
             Was a Priest of Wu Jian.
             Slain by a wraith (9 damage)
             ... on level 5 of the Dungeon.
             The game lasted 00:04:33 (5117 turns).

Delamore the Poker (Formicid Fighter)               Turns: 5117, Time: 00:04:34

Health: 0/56       AC:  6    Str: 22    XL:     7   Next: 99%
Magic:  7/7        EV:  8    Int:  8    God:    Wu Jian [***...]
Gold:   306        SH: 14    Dex: 10    Spells: 6/6 levels left

rFire    + . .     SeeInvis +   a - +1 trident
rCold    + . .     Faith    .   c - +0 kite shield
rNeg     . . .     Spirit   .   b - +0 scale mail
rPois    +         Reflect  +   (helmet unavailable)
rElec    +         Harm     .   (no cloak)
rCorr    +         Rampage  .   (no gloves)
Will     .....                  (no boots)
Stlth    ..........             l - amulet of reflection
HPRegen  0.18/turn              (no ring)
MPRegen  0.10/turn              (no ring)

@: resistant
A: permanent stasis, dig shafts and tunnels, antennae 3, four strong arms
a: Dig, Shaft Self, Renounce Religion, Wall Jump, Serpent's Lash


You were on level 5 of the Dungeon.
You worshipped Wu Jian.
Wu Jian was most pleased with you.
You visited 1 branch of the dungeon, and saw 5 of its levels.

You collected 306 gold pieces.

Inventory:

Hand Weapons
 a - a +1 trident (weapon)
Missiles
 h - 2 throwing nets
 k - 38 poisoned darts (quivered)
Armour
 b - a +0 scale mail (worn)
 c - a +0 kite shield (worn)
Jewellery
 l - an amulet of reflection (around neck)
Wands
 n - a wand of polymorph (1)
 q - a wand of iceblast (5)
Scrolls
 g - a scroll of holy word
 p - a scroll of identify
Potions
 d - a potion of might
 e - 2 potions of flight
 f - 2 potions of haste
 i - 2 potions of degeneration
 m - a potion of curing {unknown}
 o - a potion of heal wounds {unknown}
 r - a potion of attraction {unknown}


   Skills:
 - Level 5.0 Fighting
 * Level 7.7 Polearms
 - Level 3.2 Armour
 - Level 3.6 Shields


You had 6 spell levels left.
You didn't know any spells.
Your spell library contained the following spells:

 Spells                   Type           Power      Damage    Failure   Level
 Corona                   Hex            0%         N/A       98%         1
 Ensorcelled Hibernation  Hex/Ice        0%         N/A       99%         2
 Confusing Touch          Hex            0%         N/A       100%        3
 Dazzling Flash           Conj/Hex       0%         N/A       100%        3
 Tukima's Dance           Hex            0%         N/A       100%        3


Dungeon Overview and Level Annotations

Branches:
Dungeon (5/15)
 Temple: D:4-7

Altars:
Wu Jian


Innate Abilities, Weirdness & Mutations

You cannot be hasted, slowed, berserked, paralysed or teleported.
You can dig through walls and to a lower floor.
You have a pair of large antennae on your head. (SInv)
Your four strong arms can wield two-handed weapons with a shield.


Message History

The wraith hits you. The wraith drains your vigour!
Your stasis prevents you from being slowed.
You hit the wraith but do no damage.
The wraith is severely damaged.
The wraith hits you but does no damage.
You hit the wraith but do no damage.
The wraith is severely damaged.
You block the wraith's attack.
You closely miss the wraith.
The wraith is severely damaged.
You block the wraith's attack.
You closely miss the wraith.
The wraith is severely damaged.
The wraith closely misses you.
You hit the wraith but do no damage.
The wraith is severely damaged.
The wraith hits you!
* * * LOW HITPOINT WARNING * * *
The wraith drains your vigour!
Your stasis prevents you from being slowed.
You block the wraith's attack.
Your shield prevents you from hitting the wraith.
The wraith is severely damaged.
You block the wraith's attack.
You hit the wraith.
The wraith is severely damaged.
The wraith hits you!
* * * LOW HITPOINT WARNING * * *
The wraith drains your vigour!
Your stasis prevents you from being slowed.
You barely miss the wraith.
The wraith is severely damaged.
The wraith hits you but does no damage.
It was a potion of haste.
Your stasis prevents you from being hasted.
You block the wraith's attack.
It was a potion of resistance.
You feel protected. The wraith hits you!
You die...

##.#).#######.## .# #
##.#...#######.##
#.##.##.#............##
#.#.#.#.....######..#.
#.#.#........####....
#.#.......#.........
..#.)......######....
...#.....)..####......
....
#.@.8...........#.. ..{
##8W..8..####...##. ...
#........# ##)####
#........# #<# #
#.#.......# #.#
....(......# #.#
.#.#........# #.# .
......... #.# #.#


You could see a wraith.

Vanquished Creatures
  A black bear (D:3)
  2 ogres (D:4)
  An orc priest (D:5)
  A centaur skeleton (D:4)
  Jessica (D:3)
  An iguana (D:4)
  5 orc wizards
  Ijyb (D:3)
  A hound skeleton (D:5)
  5 gnolls
  An adder (D:2)
  An adder skeleton (D:4)
  2 worms
  3 dart slugs
  10 orcs
  11 endoplasms
  A giant cockroach (D:1)
  4 hobgoblins
  5 jackals
  4 quokkas
  11 ball pythons
  4 bats
  4 frilled lizards (D:2)
  4 goblins
  9 kobolds
  3 rats
96 creatures vanquished.

Vanquished Creatures (others)
  An orc (D:5)
  A quokka (D:5)
2 creatures vanquished.

Grand Total: 98 creatures vanquished

Notes
Turn   | Place    | Note
-------+----------+-------------------------------------------
     0 | D:1      | Delamore the Formicid Fighter began the quest for the Orb.
     0 | D:1      | Reached XP level 1. HP: 18/18 MP: 1/1
   174 | D:1      | Reached XP level 2. HP: 22/24 MP: 2/2
   204 | D:1      | Found a faded altar of an unknown god.
   223 | D:1      | Became a worshipper of the Wu Jian Council
   223 | D:1      | Reached * piety under Wu Jian
   515 | D:1      | Reached skill level 3 in Polearms
   515 | D:1      | Reached XP level 3. HP: 21/30 MP: 3/3
  1374 | D:2      | Reached XP level 4. HP: 37/37 MP: 4/4
  1528 | D:2      | Reached ** piety under Wu Jian
  2099 | D:3      | Noticed Jessica
  2106 | D:3      | Killed Jessica
  2107 | D:3      | Reached skill level 4 in Polearms
  2107 | D:3      | Reached XP level 5. HP: 42/42 MP: 5/5
  2699 | D:3      | Noticed Ijyb
  2715 | D:3      | Killed Ijyb
  2716 | D:3      | Reached XP level 6. HP: 49/49 MP: 6/6
  3204 | D:4      | Reached skill level 5 in Polearms
  3426 | D:4      | Reached *** piety under Wu Jian
  3436 | D:4      | Noticed a black bear
  3479 | D:3      | Killed a black bear
  3480 | D:3      | Reached skill level 5 in Fighting
  3958 | D:4      | Reached skill level 6 in Polearms
  3958 | D:4      | Reached XP level 7. HP: 50/56 MP: 7/7
  4197 | D:5      | Entered Level 5 of the Dungeon
  4685 | D:4      | Reached skill level 7 in Polearms
  5073 | D:5      | Noticed a wraith
  5117 | D:5      | Slain by a wraith

Illustrated notes

Levels and vault maps discovered:
D:1:      dpeg_arrival_stonehenge_8_columns, layout_basic,
          hellmonk_ecumenical_altar_crossroads, minmay_hexomino_c4
D:2:      layout_loops_corners
D:3:      layout_basic, uniq_ijyb, uniq_jessica
D:4:      layout_basic, minmay_misc_feat_iff, hex_large,
          minmay_a_box_with_orc_wizards_in_it
D:5:      wad_pebble_path, layout_loops_ring, elyvilon_altar_4,
          serial_bayou_ford_a, uniq_grinder

Skill      XL: |  1  2  3  4  5  6  7 |
---------------+----------------------+-----
Polearms       | 3 4 6 7 |  7.7
Fighting       | 4 5 |  5.0
Armour         | |  3.2
Shields        | |  3.6

Action                   |  1- 3 |  4- 6 |  7- 9 || total
-------------------------+-------+-------+-------++-------
Melee: Trident           |   102 |   173 |   114 ||   389
       Unarmed           |       |     1 |       ||     1
Throw: Dart              |       |    16 |       ||    16
Invok: Whirlwind         |     1 |       |     1 ||     2
 Abil: Dig               |       |     1 |       ||     1
  Use: Scroll            |     7 |     4 |       ||    11
       Potion            |       |       |     2 ||     2
Armor: Scale mail        |    30 |    46 |    15 ||    91
Dodge: Dodged            |    27 |    48 |    21 ||    96
Block: Kite shield       |    52 |   118 |    78 ||   248
       Reflection        |       |     6 |       ||     6

Table legend: (Time is in decaauts)
 A = Elapsed time spent in this place.
 B = Non-inter-level travel time spent in this place.
 C = Inter-level travel time spent in this place.
 D = Time resting spent in this place.
 E = Time spent auto-exploring this place.
 F = Levels seen in this place.
 G = Mean time per level.
                   A        B        C        D        E       F      G
               +--------+--------+--------+--------+--------+-----+--------+
         Total |   5216 |   5059 |    157 |    911 |   3225 |   5 | 1043.2 |
       Dungeon |   5216 |   5059 |    157 |    911 |   3225 |   5 | 1043.2 |
               +--------+--------+--------+--------+--------+-----+--------+

Top non-repeatable levels by time:
     D:3: 1491 daAuts
     D:2: 1321 daAuts
     D:4: 1143 daAuts
     D:1: 800 daAuts
     D:5: 460 daAuts
